 Dungeon Crawl Stone Soup version 0.31.0-12-g77e489cdc1 (webtiles) character file.

Game seed: 14622198561335398088

84 jimonade the Shooter (level 4, -4/33 HPs)
             Began as a Formicid Hunter on Feb 28, 2024.
             Slain by an orc
             ... wielding a +0 trident
              (6 damage)
             ... on level 3 of the Dungeon.
             The game lasted 00:02:39 (1925 turns).

jimonade the Shooter (Formicid Hunter)              Turns: 1925, Time: 00:02:40

Health: -4/33      AC:  4    Str: 16    XL:     4   Next: 72%
Magic:  4/4        EV: 12    Int:  8    God:
Gold:   85         SH:  0    Dex: 19    Spells: 3/3 levels left

rFire   . . .        a - +0 shortbow
rCold   . . .        (no shield)
rNeg    . . .        c - +0 leather armour
rPois   .            (helmet unavailable)
rElec   .            (no cloak)
rCorr   .            (no gloves)
SInv    +            k - +0 pair of boots
Will    .....        v - amulet of magic regeneration
Stlth   ++           (no ring)
HPRegen 0.25/turn    (no ring)
MPRegen 0.49/turn

%: no passive effects
@: no status effects
A: permanent stasis, dig shafts and tunnels, antennae 3, four strong arms
a: Dig, Shaft Self


You were on level 3 of the Dungeon.
You visited 1 branch of the dungeon, and saw 3 of its levels.

You collected 85 gold pieces.

Inventory:

Hand Weapons
 a - a +0 shortbow (weapon)
 d - a +0 short sword
 r - a +0 scimitar
 s - a +0 quarterstaff
Armour
 c - a +0 leather armour (worn)
 k - a +0 pair of boots (worn)
 l - a +0 ring mail
 m - a +0 buckler
Jewellery
 v - an amulet of magic regeneration (around neck)
Scrolls
 b - a scroll of butterflies
 e - 2 scrolls of identify {unknown}
 g - a scroll of acquirement {unknown}
 h - 2 scrolls of blinking {unknown}
 j - a scroll of enchant armour {unknown}
 o - a scroll of teleportation {unknown}
 q - 2 scrolls of immolation {unknown}
 u - a scroll of revelation {unknown}
Potions
 f - 2 potions of curing {unknown}
 i - a potion of lignification {unknown}
 n - a potion of cancellation {unknown}
 p - a potion of might {unknown}
 t - a potion of mutation {unknown}


   Skills:
 - Level 2.1 Fighting
 + Level 5.8 Ranged Weapons
 - Level 1.7 Dodging
 - Level 1.2 Stealth


You had 3 spell levels left.
You didn't know any spells.
Your spell library was empty.

Dungeon Overview and Level Annotations

Branches:
Dungeon (3/15) Zot: 16056

Altars:


Innate Abilities, Weirdness & Mutations

You cannot be hasted, slowed, berserked, paralysed or teleported.
You can dig through walls and to a lower floor.
You have a pair of large antennae on your head. (SInv)
Your four strong arms can wield two-handed weapons with a shield.


Message History

You shoot an arrow. The arrow hits the giant cockroach.
The giant cockroach is heavily wounded.
The giant cockroach bites you but does no damage. x2
You shoot an arrow. The arrow hits the giant cockroach.
You kill the giant cockroach!
No target in view!
You sense a monster nearby.
You sense a monster nearby.
You sense a monster nearby.
You sense a monster nearby.
You sense a monster nearby.
A hobgoblin comes into view.
You shoot an arrow.
The arrow completely misses the hobgoblin.
You shoot an arrow. The arrow hits the hobgoblin.
The hobgoblin is moderately wounded.
You shoot an arrow. The arrow hits the hobgoblin.
The hobgoblin is severely wounded.
You shoot an arrow. The arrow hits the hobgoblin.
You kill the hobgoblin!
No target in view!
No target in view!
An orc wizard and 2 orcs come into view.
The orc shouts!
You hear a shout!
You shoot an arrow.
The arrow hits the orc wizard but does no damage.
You shoot an arrow.
The arrow closely misses the orc wizard.
The orc wizard hits you with a +0 dagger.
You shoot an arrow.
The arrow closely misses the orc wizard.
You hear a shout!
The orc wizard hits you with a +0 dagger.
You hear a shout!
You shoot an arrow. The arrow hits the orc wizard.
The orc wizard is lightly wounded.
The orc hits you from afar with a +0 trident!
The orc wizard hits you but does no damage.
You are too injured to fight recklessly!
You are too injured to fight recklessly!
You are too injured to fight recklessly!
Fire: a) +0 shortbow
Press: ? - help, Q - select action, (/) - cycle Shift-Dir - straight line, f/p - orc wizard
Aim: an orc wizard, wielding a +0 dagger and wearing a +0 robe (lightly wounded, 58% to hit)
You shoot an arrow. The arrow hits the orc wizard.
The orc wizard is lightly wounded.
The orc wizard hits you with a +0 dagger.
The orc hits you but does no damage.
Fire: a) +0 shortbow
Press: ? - help, Q - select action, (/) - cycle Shift-Dir - straight line, f/p - orc wizard
Aim: an orc wizard, wielding a +0 dagger and wearing a +0 robe (lightly wounded, 58% to hit)
You shoot an arrow. The arrow hits the orc wizard.
The orc wizard is moderately wounded.
The orc wizard hits you but does no damage.
The orc barely misses you.
Fire: a) +0 shortbow
Press: ? - help, Q - select action, (/) - cycle Shift-Dir - straight line, f/p - orc wizard
Aim: an orc wizard, wielding a +0 dagger and wearing a +0 robe (moderately wounded, 58% to hit)
You shoot an arrow. The arrow hits the orc wizard.
The orc wizard is moderately wounded.
The orc wizard casts a spell at you.
You are confused.
The orc hits you from afar with a +0 trident.
The orc wizard hits you with a +0 dagger.
The orc barely misses you.
Non-targeted confused fire: a) +0 shortbow
Press: ? - help, Q - select action, (/) - cycle Dir - look around, f - activate You shoot an arrow.
The orc wizard closely misses you.
The orc hits you from afar with a +0 trident!
* * * LOW HITPOINT WARNING * * *
Non-targeted confused fire: a) +0 shortbow
Press: ? - help, Q - select action, (/) - cycle Dir - look around, f - activate You shoot an arrow.
You hear a shout!
The orc wizard closely misses you. The orc closely misses you.
You hear a shout!
Non-targeted confused fire: a) +0 shortbow
Press: ? - help, Q - select action, (/) - cycle Dir - look around, f - activate You shoot an arrow.
The orc wizard barely misses you.
The orc hits you from afar with a +0 trident!
* * * LOW HITPOINT WARNING * * *
Non-targeted confused fire: a) +0 shortbow
Press: ? - help, Q - select action, (/) - cycle Dir - look around, f - activate You shoot an arrow.
The orc wizard gestures wildly while chanting.
The orc wizard flickers and vanishes for a moment.
The orc closely misses you.
Non-targeted confused fire: a) +0 shortbow
Press: ? - help, Q - select action, (/) - cycle Dir - look around, f - activate You shoot an arrow.
The orc closely misses you. The orc wizard barely misses you.
Non-targeted confused fire: a) +0 shortbow
Press: ? - help, Q - select action, (/) - cycle Dir - look around, f - activate You shoot an arrow.
You feel less confused. The orc closely misses you.
The orc wizard closely misses you.
The orc hits you from afar with a +0 trident.
You die...

#.####.#####.########.#
..................>##.#
#.#.....###.####......#
#.#.....# #.# #.####.#
#.#.....##..####.######
#.#........# #........#
#.####...#####.#.###.##
..# #................#
#####.......##.#@#####
............##.#o#
##.####.....##.#.o{{{..o
{ #
#.....##.###########{
#.....##...........#
#.....#########.#..#
#.............#.#..#
##....#######.#.#..#
###### #<#.#..#


You could see an orc wizard (invisible) and an orc.

Vanquished Creatures
  Terence (D:2)
  3 adders (D:2)
  6 ball pythons
  7 endoplasms
  A giant cockroach (D:3)
  2 goblins
  4 hobgoblins
  2 kobolds (D:1)
  4 frilled lizards
  A rat (D:1)
31 creatures vanquished.

Notes
Turn   | Place    | Note
-------+----------+-------------------------------------------
     0 | D:1      | jimonade the Formicid Hunter began the quest for the Orb.
     0 | D:1      | Reached XP level 1. HP: 16/16 MP: 1/1
   214 | D:1      | Reached XP level 2. HP: 22/22 MP: 2/2
   803 | D:1      | Reached XP level 3. HP: 27/27 MP: 3/3
   901 | D:2      | Noticed Terence
   913 | D:2      | Killed Terence
   914 | D:2      | Reached skill level 5 in Ranged Weapons
  1050 | D:2      | Reached XP level 4. HP: 33/33 MP: 4/4
  1922 | D:3      | HP: 1/33 [orc/+0 trident (7)]
  1925 | D:3      | Slain by an orc

Illustrated notes

Levels and vault maps discovered:
D:1:      kennysheep_arrival_forest, layout_loops_corners
D:2:      layout_basic, minmay_bisected, uniq_terence
D:3:      layout_basic, mainiacjoe_overflow_boulevard,
          mainiacjoe_overflow_cross_hatched, serial_bayou,
          serial_bayou_crossing, serial_bayou_lake_a, serial_bayou_pond_e,
          serial_bayou_shore_a

Skill      XL: |  1  2  3 |
---------------+----------+-----
Ranged Weapons | 5 |  5.8
Fighting       | |  2.1
Dodging        | |  1.7
Stealth        | |  1.2

Action                     |  1- 3 |  4- 6 || total
---------------------------+-------+-------++-------
   Fire: Shortbow          |    58 |    40 ||    98
Ability: Dig               |     1 |       ||     1
 Armour: Leather armour    |     8 |    18 ||    26
  Dodge: Dodged            |    14 |    12 ||    26
